 Dungeon Crawl Stone Soup version 0.25-a0-578-gc91f01c39c (webtiles) character file.

Game seed: 15010485397696024490, levelgen mode: deterministic

51 wullow the Shield-Bearer (level 3, -10/29 HPs)
             Began as a Demonspawn Fighter on Mar 3, 2020.
             Mangled by an orc warrior
             ... wielding a +0 scimitar
              (23 damage)
             ... on level 1 of the Dungeon.
             The game lasted 00:02:57 (1570 turns).

wullow the Shield-Bearer (Demonspawn Fighter)       Turns: 1570, Time: 00:02:58

Health: -10/29     AC:  7    Str: 16    XL:     3   Next: 57%
Magic:  3/3        EV:  6    Int:  9    God:
Gold:   103        SH:  9    Dex: 13    Spells: 2/2 levels left

rFire    . . .     SeeInvis .   a - +0 rapier
rCold    . . .     Gourm    .   c - +0 kite shield
rNeg     . . .     Faith    .   b - +0 scale mail
rPois    .         Spirit   .   (no helmet)
rElec    .         Reflect  .   r - +0 cloak
rCorr    .         Harm     .   (no gloves)
MR       .....                  (no boots)
Stlth    +.........             (no amulet)
HPRegen  0.09/turn              (no ring)
MPRegen  0.08/turn              (no ring)

@: mighty
A: nightstalker 1
a: no special abilities


You were on level 1 of the Dungeon.
You were not hungry.

You visited 1 branch of the dungeon, and saw 2 of its levels.

You collected 103 gold pieces.

Inventory:

Hand Weapons
 a - a +0 rapier (weapon)
 h - a +0 dagger
 l - a +0 dagger of venom
Missiles
 e - 39 arrows
 m - 129 stones (quivered)
 q - 6 bolts
Armour
 b - a +0 scale mail (worn)
 c - a +0 kite shield (worn)
 r - a +0 cloak (worn)
Scrolls
 g - a scroll of enchant armour {unknown}
 j - 3 scrolls of identify {unknown}
 k - a scroll of noise {unknown}
 o - a scroll of remove curse {unknown}
 s - a scroll of amnesia {unknown}
Potions
 i - 2 potions of heal wounds {unknown}
 n - a potion of curing {unknown}
Comestibles
 f - 7 rations


   Skills:
 + Level 3.2 Fighting
 * Level 2.3 Short Blades
 - Level 3.0 Armour
 + Level 0.5 Stealth
 * Level 3.3 Shields


You had 2 spell levels left.
You didn't know any spells.
Your spell library was empty.

Dungeon Overview and Level Annotations

Branches:
Dungeon (2/15)

Altars:


Innate Abilities, Weirdness & Mutations

You are slightly more attuned to the shadows.


Message History

You completely miss the orc warrior.
The orc warrior hits you but does no damage.
The orc warrior barely misses you.
There is an open door here.
You see here a cursed -3 club.
There is an open door here.
All of the chunks of flesh in your inventory have rotted away.
The teleport trap disappears.
The orc warrior disappears!
You start resting.
The orc warrior is too close now for your liking.
You feel very mighty all of a sudden. You block the orc warrior's attack.
You completely miss the orc warrior. The orc warrior barely misses you.
You closely miss the orc warrior. You block the orc warrior's attack.
You closely miss the orc warrior.
The orc warrior hits you with a +0 scimitar.
You closely miss the orc warrior.
The orc warrior hits you with a +0 scimitar!!
Ouch! That really hurt!
You die...

........≈#..##.#.##.)...PPP.##
........≈#........+......'..>#
.......≈≈#...#.#.##......###.#
.....≈≈≈≈#...#.#.######### #.#
≈.≈≈≈≈≈≈≈#...#.#.###########.####
≈<≈≈≈≈≈≈≈#...#.#.................
##########...#.#.........###.####
.............#.#..##.#...........
.............#.#@.♣.♣#....##.####
...............#o.#..#....##.#
#######.######.#♣.♣.♣#....##.#
..#####.######.......#....##.####
.♣♣...........÷.♣.♣#♣#....##.....
.♣♣####.######....##.#....#######
.♣ #.## #.#####.#....#
.♣♣####..## #.#..........#
.♣♣.......# #.......####.#


You could see an orc warrior.

Vanquished Creatures
  An adder (D:2)
  An ooze (D:1)
  A dart slug (D:2)
  2 leopard geckos (D:1)
  An orc (D:2)
  5 bats
  2 giant cockroaches (D:1)
  6 goblins
  5 hobgoblins
  A ball python (D:2)
  2 frilled lizards
  3 kobolds
  A rat (D:1)
31 creatures vanquished.

Notes
Turn   | Place    | Note
-------+----------+-------------------------------------------
     0 | D:1      | wullow the Demonspawn Fighter began the quest for the Orb.
     0 | D:1      | Reached XP level 1. HP: 18/18 MP: 1/1
   125 | D:1      | Gained mutation: You are slightly more attuned to the
                  | shadows. [demonic ancestry]
   125 | D:1      | Reached XP level 2. HP: 20/24 MP: 2/2
   851 | D:2      | Reached XP level 3. HP: 29/29 MP: 3/3
  1437 | D:2      | Noticed an orc warrior
  1570 | D:1      | Mangled by an orc warrior

Levels and vault maps discovered:
D:1:      lordsloth_arrival_two_stooges, layout_basic, serial_forest,
          infiniplex_forest_straight_4, infiniplex_forest_clump_tiny,
          infiniplex_forest_clump_diagonal, infiniplex_forest_clump_C,
          infiniplex_forest_straight_2, infiniplex_forest_lined_corner
D:2:      minmay_spotlight, layout_basic

Skill      XL: |  1  2  3 |
---------------+----------+-----
Short Blades   | 2 |  2.3
Shields        | 3 |  3.3
Armour         | 3 |  3.0
Fighting       | |  3.2
Stealth        | |  0.5

Action                   || total
-------------------------++-------
Melee: Rapier            ||    91
Throw: Stone             ||     2
  Use: Potion            ||     1
  Eat: Chunk             ||     2
Armor: Scale mail        ||    35
Dodge: Dodged            ||    23
Block: Kite shield       ||    41

Table legend:
 A = Non-vault XP
 B = Vault XP
 C = Vault XP percentage of total XP
 D = Non-vault monster count
 E = Vault monster count
 F = Vault count percentage of total count
                 A         B        C        D         E       F
            +---------+---------+-------+---------+---------+-------
      Total |      71 |       2 |   2.7 |      30 |       1 |   3.2
            +---------+---------+-------+---------+---------+-------
        D:1 |      40 |       0 |   0.0 |      19 |       0 |   0.0
        D:2 |      31 |       2 |   6.1 |      11 |       1 |   8.3
            +---------+---------+-------+---------+---------+-------
